 Dungeon Crawl Stone Soup version 0.31.0-32-g396128a36d (webtiles) character file.

Game seed: 12254593598790558810

122 tizbic2 the Ruffian (level 5, -7/45 HPs)
             Began as a Naga Shapeshifter on Mar 24, 2024.
             Mangled by an ogre
             ... wielding a +0 giant club
              (15 damage)
             ... on level 4 of the Dungeon.
             The game lasted 00:10:29 (2549 turns).

tizbic2 the Ruffian (Naga Shapeshifter)             Turns: 2549, Time: 00:10:30

Health: -7/45      AC:  4    Str: 13    XL:     5   Next: 6%
Magic:  5/5        EV:  8    Int: 10    God:
Gold:   202        SH:  5    Dex: 11    Spells: 4/4 levels left

rFire   . . .        n - +10 dagger of Nytalih {flame, rPois rN++ Will+ Str-5}
rCold   . . .        (no shield)
rNeg    + + .        f - +0 ring mail
rPois   +            g - melded +0 helmet
rElec   .            (cloak currently unavailable)
rCorr   .            (gloves currently unavailable)
SInv    +            (no barding)
Will    +....        k - amulet of reflection
Stlth   +            (no ring)
HPRegen 0.27/turn    (no ring)
MPRegen 0.09/turn

%: reflection
@: beast-form, very slow
A: beast (slay +2), AC +1, large, see invisible, deformed body, poison
resistance, slowness 2, spit poison 1, naga tail 1
a: Spit Poison, Begin Untransformation


You were on level 4 of the Dungeon.
You were a hulking beast.
You visited 1 branch of the dungeon, and saw 4 of its levels.

You collected 202 gold pieces.

Inventory:

Hand Weapons
 m - a +1 dagger of protection
 n - the +10 dagger of Nytalih (weapon) {flame, rPois rN++ Will+ Str-5}
   (You found it on level 2 of the Dungeon)

   Str-5:     It affects your strength (-5).
   rPois:     It protects you from poison rN++: It greatly protects you from
   negative energy.
   Will+:     It increases your willpower.
 o - a +1 whip of electrocution
Missiles
 q - 6 poisoned darts
Armour
 a - a +0 animal skin
 f - a +0 ring mail (worn)
 g - a +0 helmet (melded)
 h - a +0 scale mail
 t - a +0 kite shield
Magical Staves
 v - a staff of earth
Jewellery
 k - an amulet of reflection (around neck)
Talismans
 c - a beast talisman (active)
 d - a flux talisman
Scrolls
 e - 2 scrolls of identify
 l - 2 scrolls of immolation
 p - a scroll of enchant weapon
 s - a scroll of revelation {unknown}
 w - a scroll of enchant armour {unknown}
Potions
 b - a potion of lignification
 i - 2 potions of enlightenment
 j - 2 potions of heal wounds
 r - 2 potions of degeneration {unknown}
 u - a potion of attraction {unknown}


   Skills:
 + Level 2.0 Fighting
 * Level 1.2 Short Blades
 - Level 0.1 Axes
 + Level 2.1 Dodging
 + Level 3.7 Unarmed Combat
 * Level 3.7 Shapeshifting


You had 4 spell levels left.
You didn't know any spells.
Your spell library was empty.

Dungeon Overview and Level Annotations

Branches:
Dungeon (4/15)
 Temple: D:4-7

Altars:
Trog


Innate Abilities, Weirdness & Mutations

You are a hulking beast.
Your limbs bulge with bestial killing power. (Slay +2)
Your serpentine skin is tough. (AC +1)
You have supernaturally acute eyesight. (SInv)
Armour fits poorly on your strangely shaped body.
Your system is resistant to poisons. (rPois)
You cover ground very slowly.
You can spit poison.
You have a snake-like lower body.


Message History

You feel sick. The adder bites you.
You hit the adder. You burn the adder.
The adder is severely wounded.
You feel sick. The adder bites you.
You puncture the adder! You burn the adder.
You kill the adder!
You feel sick.
You are no longer poisoned.
The ball python bites you but does no damage.
You have reached level 5!
You hit the ball python but do no damage.
The ball python bites you but does no damage.
You puncture the ball python! You burn the ball python.
You kill the ball python!
You hit the endoplasm. You burn the endoplasm.
You kill the endoplasm!
Things that are here:
a ball python corpse; an adder corpse You start resting.
HP restored.
There is a stone staircase leading up here.
Found a stone staircase leading down.
Found a stone staircase leading down.
An ogre comes into view. It is wielding a +0 giant club.
Found an amethyst potion.
The ogre shouts!
Aiming: Spit Poison (1% risk of failure)
Press: ? - help, Q - select action, (/) - cycle Shift-Dir - straight line, f - ogre
Aim: an ogre, wielding a +0 giant club (81% to hit)
The splash of poison hits the ogre!
The ogre is moderately wounded.
The ogre attacks as it pursues you! The ogre hits you with a +0 giant club!
You have got your breath back.
The ogre hits you with a +0 giant club.
The ogre hits you with a +0 giant club!!
Ouch! That really hurt!
* * * LOW HITPOINT WARNING * * *
An endoplasm comes into view.
The ogre hits you with a +0 giant club!
You die...

#.# #..# #.# #..#
#†########..#
.>###.<.........#
..........#####.##
...###.##.# #.# .
#.##<# #.#
#J##.#####.#
.#...Oh....#
###..####### ##.##
##.# #.## #!# #..
#.# ...


You could see an ogre and an endoplasm.

Vanquished Creatures
  5 adders
  A dart slug (D:1)
  A ribbon worm (D:2)
  An orc (D:2)
  6 ball pythons
  7 bats
  7 endoplasms
  9 giant cockroaches
  4 hobgoblins
  2 jackals (D:2)
  2 kobolds
  3 quokkas (D:1)
  2 frilled lizards
  6 goblins
  10 rats
66 creatures vanquished.

Notes
Turn   | Place    | Note
-------+----------+-------------------------------------------
     0 | D:1      | tizbic2 the Naga Shapeshifter began the quest for the Orb.
     0 | D:1      | Reached XP level 1. HP: 18/18 MP: 1/1
   200 | D:1      | Reached XP level 2. HP: 25/25 MP: 2/2
   228 | D:1      | Found a faded altar of an unknown god.
   433 | D:1      | Reached XP level 3. HP: 31/31 MP: 3/3
  1021 | D:2      | You fall into a shaft and drop 1 floor!
  1194 | D:3      | Reached XP level 4. HP: 39/39 MP: 4/4
  1311 | D:2      | Identified the +10 dagger of Nytalih {flame, rPois rN++
                  | Will+ Str-5}
  1483 | D:2      | Found a bloodstained altar of Trog.
  1893 | D:3      | Reached skill level 1 in Short Blades
  2421 | D:4      | Reached XP level 5. HP: 17/45 MP: 5/5
  2542 | D:4      | Noticed an ogre
  2549 | D:4      | Mangled by an ogre

Illustrated notes

Levels and vault maps discovered:
D:1:      dpeg_arrival_ternary, layout_basic, hellmonk_ecumenical_altar_run_dry,
          minmay_pentomino_q4
D:2:      layout_loops_cross, basic_altar, minmay_misc_feat_square
D:3:      layout_loops_corners, nrook_mini_vaults
D:4:      layout_loops_ring, mainiacjoe_overflow_brackets,
          minmay_temple_entry_from_below_b, chequers_decorated_corner,
          nicolae_the_louvre, uniq_natasha

Skill      XL: |  1  2  3  4 |
---------------+-------------+-----
Dodging        | 2 |  2.1
Fighting       | 2 |  2.0
Short Blades   | 1 |  1.2
Axes           | |  0.1
Unarmed Combat | |  3.7
Shapeshifting  | |  3.7

Action                     |  1- 3 |  4- 6 || total
---------------------------+-------+-------++-------
  Melee: Unarmed           |    74 |       ||    74
         Punch             |     3 |     1 ||     4
         Dagger            |    32 |    43 ||    75
         Hand axe          |     4 |       ||     4
         Whip              |     1 |    11 ||    12
Ability: Spit Poison       |    14 |     5 ||    19
    Use: Scroll            |     3 |     1 ||     4
 Armour: Animal skin       |    12 |       ||    12
         Ring mail         |    79 |    36 ||   115
         Skin              |     4 |       ||     4
  Dodge: Dodged            |    57 |    30 ||    87
  Block: Other             |    34 |    12 ||    46
         Reflection        |     5 |       ||     5
         Form:             |     2 |       ||     2
         Beast             |     1 |     1 ||     2
         Flux              |     1 |       ||     1
